Cogmind - Beta 13 @@@ ROGUE MODE // 2024.04.05 @ 09:12:15 // Winter2019/RPGLIKE Player: Bulbasornado Result: Smashed by cave-in Performance ------------- Evolutions (0) 0 Regions Visited (2) 400 Robots Destroyed (43) 215 Value Destroyed (1055) 1055 Prototype IDs (2) 40 Alien Tech Used (0) 0 Bonus (8) 8 TOTAL SCORE: 1718 Bonus ------- High Alert Combat Kills 8 Cogmind --------- Core Integrity 0/600 Matter 300/300 Energy 125/125 System Corruption 0% Temperature Cool (0) Movement Hovering (52) Location -10/Mines Parts ------- > --- POWER (1) -------- Light Ion Engine > --- PROPULSION (3) --- Hover Unit Hover Unit Hover Unit > --- UTILITY (4) ------ Light Armor Plating Medium Armor Plating Medium Armor Plating Medium Armor Plating > --- WEAPON (2) ------- Maul Maul > --- INVENTORY (0) ---- (None) Peak State ------------ > --- POWER ------------ Light Ion Engine > --- PROPULSION ------- Hover Unit Hover Unit Hover Unit > --- UTILITY ---------- Light Armor Plating Medium Armor Plating Medium Armor Plating Medium Armor Plating > --- WEAPON ----------- Maul Maul > --- INVENTORY -------- (None) [Rating: 15] Favorites ----------- Power Light Ion Engine Engine Light Ion Engine Propulsion Light Treads Treads Light Treads Leg Aluminum Leg Hover Unit Hover Unit Flight Unit Flight Unit Utility Light Armor Plating Device Tractor Beam Protection Light Armor Plating Weapon Maul Ballistic Gun Assault Rifle Ballistic Cannon Light Cannon Impact Weapon Maul Build | -11 -10 -10 ------- Run | Yrd Mat Min Slots Evolved 6 | 3 3 . Power . | . . . Propulsion 2 | 2 . . Utility 3 | . 3 . Weapon 1 | 1 . . Parts Attached 33 | 7 26 . Power 4 | 1 3 . Engine 4 | 1 3 . Core . | . . . Reactor . | . . . Propulsion 9 | 3 6 . Treads 4 | 2 2 . Leg 1 | 1 . . Wheel . | . . . Hover 3 | . 3 . Flight 1 | . 1 . Utility 11 | 1 10 . Device 1 | 1 . . Storage . | . . . Processor . | . . . Hackware . | . . . Protection 10 | . 10 . Artifact . | . . . Weapon 9 | 2 7 . Energy Gun . | . . . Energy Cannon . | . . . Ballistic Gun 2 | 2 . . Ballistic Cannon 1 | . 1 . Launcher . | . . . Special Weapon . | . . . Impact Weapon 6 | . 6 . Slashing Weapon . | . . . Piercing Weapon . | . . . Special Melee Weapon . | . . . Unidentified Prototypes . | . . . Parts Lost . | . . . Power . | . . . Propulsion . | . . . Utility . | . . . Weapon . | . . . Highest Loss Streak . | . . . To Critical Strikes . | . . . Average Slot Usage (%) 97 | . 97 100 Engine 10 | . 10 10 Treads 32 | . 34 . Leg 1 | . 1 . Hover 3 | . 2 30 Protection 23 | . 23 40 Ballistic Gun 4 | . 4 . Ballistic Cannon 1 | . 1 . Impact Weapon 19 | . 19 20 Naked Turns . | . . . Heaviest Build 33 | 7 33 33 Greatest Support 70 | 8 70 33 Greatest Overweight (x) 1 | . 1 . Average Overweight (x) . | . . . Largest Inventory Capacity . | . . . Average Capacity . | . . . Most Carried . | . . . Average Carried . | . . . Final Capacity . | . . . Final Carried . | . . . Class Distribution -------------------- 78% | Gladiator 21% | Mutant Dominant Class ---------------- Gladiator | -10/Materials Gladiator | -10/Mines Resources | -11 -10 -10 ----------- Run | Yrd Mat Min Matter Collected 760 | 282 461 17 Remotely 96 | 96 . . Salvage Created 1147 | 76 977 94 Parts 47 | 6 41 . Haulers Intercepted 2 | . 2 . Recyclers Shooed . | . . . Parts Field Recycled . | . . . Retrieved Matter . | . . . Parts Self-Destructed . | . . . Prevented . | . . . Kills | -11 -10 -10 ------- Run | Yrd Mat Min Combat Hostiles Destroyed 22 | . 17 5 Melee 8 | . 3 5 Guns 7 | . 7 . Cannons 1 | . 1 . Classes Destroyed 9 | 2 6 1 Worker 7 | . 6 1 Builder 8 | . 7 1 Tunneler 3 | 1 2 . Hauler 2 | . 2 . Recycler 2 | 1 1 . Operator 1 | . 1 . Watcher 3 | . 3 . Grunt 17 | . 17 . Assembled 5 | . . 5 Best Kill Streak 7 | 2 7 5 Combat Bots Only 5 | . 5 5 Max Kills in Single Turn 1 | 1 1 1 Gunslinging . | . . . Exploded . | . . . Melee 1 | . 1 1 Uniques/NPCs Destroyed . | . . . Combat | -11 -10 -10 -------- Run | Yrd Mat Min Hostile Shots Fired 142 | . 119 23 Missed 37 | . 28 9 Damage Taken 1666 | . 1163 503 Core 1051 | . 794 257 Absorbed by Shields . | . . . Redirected to Core 925 | . 668 257 Regen/Repaired (Parts) 84 | . 84 . Core Remaining (%) 100 | 100 . . Volleys Fired 47 | 3 44 . Largest 2 | 2 2 . Hottest 55 | 40 55 . Shots Fired 94 | 6 88 . Gun 80 | 6 74 . Cannon 14 | . 14 . Launcher . | . . . Special . | . . . Kinetic 94 | 6 88 . Thermal . | . . . Explosive . | . . . Electromagnetic . | . . . Robot Hit Streak 20 | 5 20 . Robot Miss Streak 2 | . 2 . Penetration Max . | . . . Secondary Targets . | . . . Shots Hit Robots 117 | 5 105 7 Core Hits 37 | 3 31 3 Critical Kills 2 | . 1 1 Critical Parts Destroyed 12 | . 11 1 Critical Strikes 14 | . 12 2 Destroy 1 | . 1 . Smash 13 | . 11 2 Melee Attacks 181 | . 167 14 Impact 181 | . 167 14 Slashing . | . . . Piercing . | . . . Sneak Attacks 17 | . 15 2 Combat Hostiles 1 | . 1 . Follow-up Attacks . | . . . Damage Inflicted 3575 | 56 3105 414 Guns 609 | 56 553 . Cannons 141 | . 141 . Explosions . | . . . Melee 2825 | . 2411 414 Ramming . | . . . Kinetic 750 | 56 694 . Thermal . | . . . Explosive . | . . . Electromagnetic . | . . . Impact 2825 | . 2411 414 Slashing . | . . . Piercing . | . . . Highest Corruption . | . . . Average Corruption . | . . . Corruption Purged . | . . . Corruption Blocked . | . . . Overload Shots . | . . . Overflow Damage 1413 | . 1255 158 Projectiles . | . . . Explosions . | . . . Melee 1413 | . 1255 158 Knockbacks 18 | . 17 1 Impact 17 | . 16 1 Kinetic 1 | . 1 . Secondary . | . . . Self-Inflicted Damage 112 | . 112 . Shots 1 | . 1 . Rammed . | . . . Targets Rammed . | . . . Kicked . | . . . Crushed . | . . . Highest Temperature 64 | . 64 22 Average Temperature 12 | . 13 8 Received Heat Transfer 652 | . 612 40 Siege Activations . | . . . Robots Corrupted . | . . . Combat Hostiles . | . . . Parts Fried 30 | . 26 4 Impact Corruptions 48 | . 43 5 Robots Melted . | . . . Combat Hostiles . | . . . Parts Melted . | . . . Heat Transferred . | . . . Parts Sabotaged . | . . . Parts Stolen . | . . . Parts Stripped . | . . . Power Chain Reactions . | . . . Alert | -11 -10 -10 ------- Run | Yrd Mat Min Peak Influence 732 | 10 732 319 Initial 259 | . 6 259 Average 411 | 3 426 292 Maximum Alert Level 3 | . 3 1 Low Security (%) 12 | 100 11 . Level 1 36 | . 34 100 Level 2 41 | . 44 . Level 3 8 | . 9 . Level 4 . | . . . Level 5 . | . . . High Security . | . . . Max Security . | . . . Squads Dispatched 6 | . 6 . Investigation 5 | . 5 . Extermination . | . . . Reinforcement 1 | . 1 . Assault . | . . . Garrison . | . . . Intercept . | . . . Searches Triggered . | . . . Construction Impeded . | . . . Haulers Reinforced . | . . . Active Scanning Responses . | . . . Cargo Convoy Interrupts . | . . . Stealth | -11 -10 -10 --------- Run | Yrd Mat Min Distress Signals 1 | . 1 . Communications Jammed . | . . . Distress Signals . | . . . Times Spotted 42 | . 28 14 Peak Tracking Total 11 | . 5 11 Tactical Retreats 3 | . 2 1 Traps | -11 -10 -10 ------- Run | Yrd Mat Min Traps Triggered 1 | . 1 . Indirectly . | . . . Trap Hack Attempts . | . . . Triggered . | . . . Disarmed . | . . . Reprogrammed . | . . . Reused . | . . . Traps Extracted . | . . . Installed . | . . . Triggered . | . . . Machines | -11 -10 -10 ---------- Run | Yrd Mat Min Machines Disabled 30 | . 28 2 Max in Single Turn 1 | . 1 1 Machines Repaired . | . . . Machines Dismantled . | . . . Machines Sabotaged . | . . . Overloaded Fab Kills . | . . . Hacking | -11 -10 -10 --------- Run | Yrd Mat Min Machines Accessed 9 | . 9 . Terminals 6 | . 6 . Fabricators . | . . . Repair Stations 1 | . 1 . Recycling Units 2 | . 2 . Scanalyzers . | . . . Garrison Access . | . . . Total Hacks 39 | . 39 . Successful 23 | . 23 . Failed 14 | . 14 . Catastrophic 2 | . 2 . Database Lockouts 2 | . 2 . Manual 17 | . 17 . Terminals 26 | . 26 . Fabricators . | . . . Repair Stations 3 | . 3 . Recycling Units 10 | . 10 . Scanalyzers . | . . . Garrison Access . | . . . Terminal Hacks 14 | . 14 . Record 3 | . 3 . Robot Analysis 2 | . 2 . Prototype ID Bank 1 | . 1 . Branch Access Points 1 | . 1 . Alert Level 1 | . 1 . Locate Traps 2 | . 2 . Hauler Manifests 1 | . 1 . Registered Components 1 | . 1 . Registered Prototypes 1 | . 1 . Zone Layout 1 | . 1 . Fabricator Hacks . | . . . Repair Station Hacks 2 | . 2 . Scan Component 1 | . 1 . Repair 1 | . 1 . Recycling Unit Hacks 3 | . 3 . Report Inventory 2 | . 2 . Retrieve Components 1 | . 1 . Scanalyzer . | . . . Garrison Access Hacks . | . . . Unauthorized Hacks 4 | . 4 . Terminals . | . . . Fabricators . | . . . Repair Stations . | . . . Recycling Units 4 | . 4 . Reject 1 | . 1 . Mask 1 | . 1 . Tunnel 2 | . 2 . Scanalyzers . | . . . Garrison Access . | . . . Data Cores Recovered . | . . . Used . | . . . Hacking Detections 5 | . 5 . Full Trace Events 5 | . 5 . Feedback Events . | . . . Feedback Blocked . | . . . Robot Schematics Acquired . | . . . Robots Built . | . . . Authchips . | . . . Time . | . . . Total Robot Build Rating . | . . . Part Schematics Acquired . | . . . Parts Built . | . . . Authchips . | . . . Time . | . . . Total Part Build Rating . | . . . Parts Repaired 1 | . 1 . Time 26 | . 26 . Parts Recycled . | . . . Recycled Matter . | . . . Retrieved Matter . | . . . Retrieved Components 6 | . 6 . Parts Scanalyzed . | . . . Part Schematics Acquired . | . . . Parts Damaged . | . . . Bothacking | -11 -10 -10 ------------ Run | Yrd Mat Min Used RIF Installer . | . . . Robots Hacked . | . . . Non-combat . | . . . Combat . | . . . Robot Hacks Applied . | . . . Relay Couplers Released . | . . . Fabnet Peak Effective % . | . . . Robots Rewired . | . . . Allies Hacked . | . . . Hacks Repelled . | . . . Allies | -11 -10 -10 -------- Run | Yrd Mat Min Total Allies 1 | . . 1 Largest Group 1 | . . 1 Highest-Rated Group 31 | . . 31 Highest-Rated Ally 31 | . . 31 Total Orders . | . . . Ally Attacks 4 | . . 4 Total Damage 83 | . . 83 Kills 1 | . . 1 Allies Corrupted . | . . . Allies Melted . | . . . Intel | -11 -10 -10 ------- Run | Yrd Mat Min Robot Analysis Total 2 | . 2 . Derelict Logs Recovered . | . . . Drone Launches . | . . . Drone Recoveries . | . . . Exploration | -11 -10 -10 ------------- Run | Yrd Mat Min Turns Passed 1858 | 36 1723 99 Spaces Moved 1729 | 34 1584 111 Core 1463 | 34 1429 . Treads 1 | . 1 . Legs . | . . . Wheels . | . . . Hover 265 | . 154 111 Flight . | . . . Fastest Speed 50 | 50 50 52 Average Speed 58 | 50 59 52 Slowest Speed 160 | 50 160 52 Overloaded Moves . | . . . Propulsion Burnouts . | . . . Robots Hopped . | . . . Cave-ins Triggered 1 | . . 1 Exploration Rate (%) 43 | 2 98 31 Regions Visited 2 Branch Regions 1 Pre-discovered Areas 2 | . 2 . Known Exits Taken 1 | . 1 . Unknown Exits Taken 1 | 1 . . Scrap Searched . | . . . Spaces Dug 52 | . 50 2 Terrain Destroyed 74 | . 72 2 Melee 52 | . 50 2 Projectile . | . . . AOE 22 | . 22 . Terrain Rammed . | . . . Walls Destroyed . | . . . Machines Disabled . | . . . Actions | -11 -10 -10 --------- Run | Yrd Mat Min Total 2159 | 43 1988 128 Wait 149 | . 144 5 Move 1727 | 33 1583 111 Hop . | . . . Pick Up . | . . . Fast Attach 27 | 7 20 . Attach . | . . . Detach . | . . . Swap 6 | . 6 . Drop 22 | . 22 . Fire 47 | 3 44 . Melee 157 | . 145 12 Ram . | . . . Kick . | . . . Crush . | . . . Escape Stasis . | . . . Rewire . | . . . Trap . | . . . Miscellaneous 24 | . 24 . Route ------- -11/Scrapyard -10/Materials (discovered 6 exits: [*Mat x3] / *Min x2 / [*Sub]) -10/Mines (discovered 2 exits: [*Mat x2]) History --------- Turn | Location | Event 4 | -11/Scrapyard | Discovered new exit (range 16) 7 | -11/Scrapyard | Upgraded with Propulsion slot (x1) 12 | -11/Scrapyard | Upgraded with Weapon slot (x1) 13 | -11/Scrapyard | Upgraded with Propulsion slot (x1) 37 | -11/Scrapyard | Entered Materials 133 | -10/Materials | Discovered new exit (range 16) 305 | -10/Materials | Central database locked down 306 | -10/Materials | Build established: Mutant 312 | -10/Materials | Reached level 2 357 | -10/Materials | Central database locked down 357 | -10/Materials | Discovered new exit (range 13) 357 | -10/Materials | Identified exit to Mines 357 | -10/Materials | Upgraded with Utility slot (x1) 582 | -10/Materials | Core integrity fell below 50% 674 | -10/Materials | Repaired Lgt. Armor Plating 719 | -10/Materials | Build established: Gladiator 878 | -10/Materials | Discovered new exit (range 9) 923 | -10/Materials | Discovered new exit (range 7) 1131 | -10/Materials | Reached level 3 1444 | -10/Materials | Reached level 4 1663 | -10/Materials | Upgraded with Utility slot (x1) 1690 | -10/Materials | Upgraded with Utility slot (x1) 1760 | -10/Materials | Entered Mines 1762 | -10/Mines | Discovered new exit (range 10) 1771 | -10/Mines | Received a Mining Laser from a helpful Derelict 1779 | -10/Mines | Discovered new exit (range 8) 1817 | -10/Mines | Assembled infested the area 1822 | -10/Mines | Assisted by a Guerilla fighting off Assembled 1860 | -10/Mines | Crushed by falling debris 1860 | -10/Mines | Smashed by cave-in Last Messages --------------- 01826_ HV Slug penetrates as-94822. 01826_ as-94822 suffers critical hit (Destroy). 01826_ as-94822 destroyed. 01828_ as-89530 suffers critical hit (Destroy). 01830_ OF-SW0(h) shuts down. 01831_ as-89530 suffers critical hit (Smash). 01831_ as-89530 destroyed. 01833_ as-80810 sneak attacks. 01833_ OF-SW0(h) system corrupted by crushing effect. 01834_ OF-SW0(h) system terminally corrupted. 01834_ Destroyed Asb. F-torch. 01834_ as-34089 system corrupted by crushing effect. 01834_ as-34089 destroyed. 01837_ as-80810 destroyed. 01839_ as-10607 destroyed. 01853_ as-57343 destroyed. 01854_ The unstable cave ceiling collapses. 01854_ Protomatter-12 crushed. 01860_ The unstable cave ceiling collapses. 01860_ Crushed by falling debris. Map ----- +----------------------------------------------------+ | ?????????????????????????????? | | ?????????????????????????????? | | ?????????????????????????????? | | ?????????????????????????????? | | ?????????????????????????????? | | ?????????????????????????????? | | ?????????????????????????????? | | ?????????????????????????????? | | ?????????????????????????????? | | ?????????????????????????????? | | ?????????????????????????????? | | ?????????????????????????????? | | ?????????????????????????????? | | ???????????###???????????????? | | ??????????## ##?????????????? | | ?????????## ##????????????? | | ?????????? #????????????? | | ??????????? % #????#???####? | | ???????????? #????# ### ## | | ?????????????%%%##???# # | | ?????????????#%%%#??????# | | ????????????##% #?????## | | ??????????### % #????## | | ?????????## %##???# # | | ????###?## ##### ## | | ???##@### ## ##? | | ???#### ##?? | | ???## #??? | | ????# ### ##??? | | ????# ## ##?## ###???? | | ????##########???# ##?????? | | ?????????????????# ##??????? | | ?????????????????#####???????? | | ?????????????????????????????? | | ?????????????????????????????# | | ?????????????????????????????# | | ?????????????????????????????# | | ?????????????????????????????# | | ?????????????????????????????? | | ?????????????????????????????? | | ?????????????????????????????? | | ?????????????????????????????? | | ?????????????????????????????? | | ?????????????????????????????? | | ?????????????????????????????? | | | | | | | | | | | +----------------------------------------------------+ Best States ------------- Heat Dissipation 25 Energy Generation 10 Energy Capacity 125 Matter Stores 300 Matter Capacity 300 Sight Range 16 Terrain Scan Density 10 Armor Coverage 825 Evasion (%) 54 Recoil Reduction 3 Offensive Hacking 5 Defensive Hacking 5 Item Schematics ----------------- None Robot Schematics ------------------ None Fabricated ------------ Nothing Alien Tech Used ----------------- None Achievements -------------- None Challenges ------------ None RPGLIKE | -11 -10 -10 --------- Run | Yrd Mat Min Levels Raised 3 | . 3 . XP Earned 8544 | 3000 4794 750 XP Spent 7300 | 1900 5400 . Upgrades 14 | 4 10 . Propulsion Slot 2 | 2 . . Utility Slot 3 | . 3 . Weapon Slot 1 | 1 . . Mass Support 3 | 1 2 . Melee Accuracy 3 | . 3 . Hack Attack % 1 | . 1 . Hack Defense % 1 | . 1 . Protomatter Created 223 | . 203 20 Integrity Restored 471 | . 471 . Core 408 | . 408 . Parts 63 | . 63 . Protomatter Decayed 64 | . 43 21 Game ------ Seed ScrapStormExpander Manual? 0 Play Time 00:44:51 Cumulative 34.9 hours Start 2024.04.05 @ 08:23:05 End 2024.04.05 @ 09:12:15 Sessions 1 Manual Loads 0 Difficulty Rogue Special Mode Winter2019/RPGLIKE Game No. 15 Rogue 14 Adventurer 1 Explorer 0 Win Type - Total 0 Types 0/0/0/0/0/0/0/0/0 Lore% 21 Gallery% 25 Achievement% 19 Wizard Run 0 Options --------- Layout 0 ASCII 0 Keyboard 0 Movement Mouse Keybinds 0 Fullscreen 2 Font 18/Smallcaps Map View 76x50 Zoom Use 0% Tactical HUD 1 Map Filters NONE Filters NONE Steam 1 RUN: e1d760c7-30f4-412e-8073-4ca33636ae64